 Dungeon Crawl Stone Soup version 0.31.0-32-g396128a36d (webtiles) character file.

Game seed: 66065117308835003

13 spaghetti the Sneak (level 2, -1/22 HPs)
             Began as a Naga Air Elementalist on Mar 13, 2024.
             Slain by a jackal (2 damage)
             ... on level 1 of the Dungeon.
             The game lasted 00:00:57 (371 turns).

spaghetti the Sneak (Naga Air Elementalist)          Turns: 371, Time: 00:00:57

Health: -1/22      AC:  1    Str: 10    XL:     2   Next: 37%
Magic:  3/5        EV:  9    Int: 15    God:
Gold:   18         SH:  0    Dex: 11    Spells: 5/6 levels left

rFire   . . .        e - +0 whip (pain)
rCold   . . .        (no shield)
rNeg    . . .        a - +0 robe
rPois   +            (no helmet)
rElec   .            (no cloak)
rCorr   .            (no gloves)
SInv    +            (no barding)
Will    .....        (no amulet)
Stlth   ++           (no ring)
HPRegen 0.23/turn    (no ring)
MPRegen 0.09/turn

%: no passive effects
@: short of breath, weak-willed, very slow
A: AC +0, large, see invisible, deformed body, poison resistance, slowness 2,
spit poison 1, naga tail 1
a: Spit Poison


You were on level 1 of the Dungeon.
You visited 1 branch of the dungeon, and saw 1 of its levels.

You collected 18 gold pieces.

Inventory:

Hand Weapons
 e - a +0 whip of pain (weapon)
Armour
 a - a +0 robe (worn)
Jewellery
 d - a ring of fire


   Skills:
 - Level 1.5 Dodging
 - Level 3.0 Stealth
 + Level 2.8 Spellcasting
 - Level 1.0 Conjurations
 - Level 3.0 Air Magic


You had 5 spell levels left.
You knew the following spells:

 Your Spells              Type           Power      Damage    Failure   Level
a - Shock                 Conj/Air       32%        1d5       9%          1

Your spell library contained the following spells:

 Spells                   Type           Power      Damage    Failure   Level
 Static Discharge         Conj/Air       16%        3-4/arc   14%         2
 Swiftness                Air            11%        N/A       19%         3
 Ensorcelled Hibernation  Hex/Ice        4%         N/A       30%         2
 Fugue of the Fallen      Necr           2%         N/A       52%         3
 Airstrike                Air            5%         2d(1-17)  52%         4
 Anguish                  Hex/Necr       1%         N/A       90%         4


Dungeon Overview and Level Annotations

Branches:
Dungeon (1/15)

Altars:


Innate Abilities, Weirdness & Mutations

Your serpentine skin is tough. (AC +0)
You have supernaturally acute eyesight. (SInv)
Armour fits poorly on your strangely shaped body.
Your system is resistant to poisons. (rPois)
You cover ground very slowly.
You can spit poison.
You have a snake-like lower body.


Message History

Confirm with . or Enter, or press ? or * to list all spells.
You don't have enough magic to cast this spell.
Casting: Shock (safe; 9% risk of failure)
Confirm with . or Enter, or press ? or * to list all spells.
You don't have enough magic to cast this spell.
You closely miss the jackal.
The jackal is heavily wounded.
The jackal bites you but does no damage.
The jackal bites you.
* * * LOW HITPOINT WARNING * * *
Aiming: Spit Poison (2% risk of failure)
Press: ? - help, Shift-Dir - straight line The splash of poison hits the jackal.
The jackal is poisoned.
You kill the jackal!
The jackal closely misses you.
Unknown command.
Magic courses through your body. The jackal closely misses you.
The giant cockroach waves its antennae.
Casting: Shock (safe; 9% risk of failure)
Confirm with . or Enter, or press ? or * to list all spells.
Aiming: Shock (safe; 9% risk of failure)
Press: ? - help, Shift-Dir - straight line The zap misses the jackal.
You have got your breath back.
The jackal closely misses you. The jackal bites you.
* * * LOW HITPOINT WARNING * * *
Casting: Shock (safe; 9% risk of failure)
Confirm with . or Enter, or press ? or * to list all spells.
Aiming: Shock (safe; 9% risk of failure)
Press: ? - help, Shift-Dir - straight line The zap misses the jackal.
The jackal bites you.
* * * LOW HITPOINT WARNING * * *
Aiming: Spit Poison (2% risk of failure)
Press: ? - help, Shift-Dir - straight line The splash of poison misses the jackal.
The jackal bites you.
* * * LOW HITPOINT WARNING * * *
As you read the scroll labelled TEGUHE JUNAWK, it crumbles to dust.
A wave of despondency washes over your surroundings.
It was a scroll of vulnerability.
The jackal bites you.
You die...

#....†..###.##.....♣♣♣...#
#.........#....PP..P♣ P...
.....#.....#.##..♣♣.♣♣♣♣PP.
.♣...#......# #..♣.PP♣P.P..
.....#.....## ###.........
#♣#. #.....# #.....♣..# ##
......# #...PP♣.#
####.#.PP# #)@hB....#
#.##.#...# #. #.....### #.
#.......# #. #(#..##.#
#..)....# # #..........#
#.....#.#...# #.......#...#


You could see a jackal (weak-willed) and a giant cockroach (weak-willed).

Vanquished Creatures
  An endoplasm (D:1)
  A goblin (D:1)
  A hobgoblin (D:1)
  2 jackals (D:1)
  A ball python (D:1)
  A bat (D:1)
  3 kobolds (D:1)
  2 rats (D:1)
12 creatures vanquished.

Notes
Turn   | Place    | Note
-------+----------+-------------------------------------------
     0 | D:1      | spaghetti the Naga Air Elementalist began the quest for the
                  | Orb.
     0 | D:1      | Reached XP level 1. HP: 15/15 MP: 3/3
   272 | D:1      | Reached XP level 2. HP: 22/22 MP: 1/5
   370 | D:1      | HP: 1/22 [jackal (2)]
   371 | D:1      | Slain by a jackal

Illustrated notes

Levels and vault maps discovered:
D:1:      tarquinn_simple_flora_water_d, layout_loops_cross, serial_forest,
          infiniplex_forest_clump_cross, infiniplex_forest_lined_2,
          infiniplex_forest_zigzag_1, infiniplex_forest_lined_4_way,
          infiniplex_forest_straight_1, infiniplex_forest_side_room,
          infiniplex_forest_diagonal, amethyst_killhole

Action                     || total
---------------------------++-------
  Melee: Unarmed           ||     6
         Whip              ||     4
   Cast: Shock             ||    20
Ability: Spit Poison       ||     5
    Use: Scroll            ||     1
         Potion            ||     1
 Armour: Robe              ||    24
  Dodge: Dodged            ||    13
